 Dungeon Crawl Stone Soup version 0.25.1-2-g60ff931df9 (webtiles) character file.

Game seed: 17632770975135354755

43 HawFromDerth the Sneak (level 3, -3/18 HPs)
             Began as a Spriggan Assassin on Sept 17, 2020.
             Shot with a sling bullet by a goblin (10 damage)
             ... on level 2 of the Dungeon.
             The game lasted 00:03:20 (1207 turns).

HawFromDerth the Sneak (Spriggan Assassin)          Turns: 1207, Time: 00:03:21

Health: -3/18      AC:  3    Str:  7    XL:     3   Next: 37%
Magic:  4/4        EV: 17    Int: 12    God:
Gold:   48         SH:  0    Dex: 18    Spells: 2/2 levels left

rFire    . . .     SeeInvis +   a - +2 dagger
rCold    . . .     Gourm    .   (shield restricted)
rNeg     . . .     Faith    .   b - +0 robe
rPois    .         Spirit   .   (helmet restricted)
rElec    .         Reflect  .   c - +0 cloak
rCorr    .         Harm     .   (gloves unavailable)
MR       +....                  (boots unavailable)
Stlth    ++++......             (no amulet)
HPRegen  0.06/turn              g - ring of protection from magic
MPRegen  0.09/turn              (no ring)

@: very quick
A: very small, unfitting armour, see invisible, herbivore, speed 3, slow
metabolism 2
a: no special abilities


You were on level 2 of the Dungeon.
You were not hungry.

You visited 1 branch of the dungeon, and saw 2 of its levels.

You collected 48 gold pieces.

Inventory:

Hand Weapons
 a - a +2 dagger (weapon)
Missiles
 d - 7 poisoned darts (quivered)
Armour
 b - a +0 robe (worn)
 c - a +0 cloak (worn)
Jewellery
 g - a ring of protection from magic (left hand)
Scrolls
 e - a scroll of enchant weapon {unknown}
 i - a scroll of identify
Potions
 j - 2 potions of curing {unknown}
Comestibles
 f - 2 rations


   Skills:
 + Level 1.6 Fighting
 + Level 2.4 Short Blades
 + Level 2.1 Throwing
 + Level 2.0 Dodging
 * Level 7.4 Stealth


You had 2 spell levels left.
You didn't know any spells.
Your spell library was empty.

Dungeon Overview and Level Annotations

Branches:
Dungeon (2/15)

Altars:


Innate Abilities, Weirdness & Mutations

You are very small and have problems with some larger weapons.
You are too small for most types of armour.
You have supernaturally acute eyesight. (SInv)
You are a herbivore.
You cover ground extremely quickly.
You need to consume almost no food.


Message History

The giant cockroach is heavily wounded.
The giant cockroach misses you.
You hit the giant cockroach.
You kill the giant cockroach!
The goblin unwields a +0 club.
The goblin wields a +0 hunting sling.
The goblin shoots a sling bullet.
The sling bullet hits you but does no damage.
You hit the goblin.
The goblin is heavily wounded.
The goblin misses you.
You hit the goblin.
You kill the goblin!
The goblin shoots a sling bullet.
The sling bullet hits you!
The goblin shoots a sling bullet.
The sling bullet misses you.
Things that are here:
a +0 club; 12 gold pieces; a giant cockroach corpse You see here 2 sling bullets.
The goblin shoots a sling bullet.
The sling bullet hits you!
Ouch! That really hurt!
You die...

***#####.........# **,,**,,,,*
,,,.........†....# **,.,,,,,*
****#...#.>......## *###.*****,**
#.##..........#*#..g,* *,,* ##
#.##).....[...#*..#*** *,,,
.####.##..........##.#****#***,,,
...##.##..........#..##....,,,,**
.................().)...#********
##....†.(.......@########
#######..........# #........>.#
#..........# #..........#
#..........# ##....)...##
##......## ########


You could see a goblin.

Vanquished Creatures
  An ooze (D:1)
  A dart slug (D:2)
  A ball python (D:2)
  2 giant cockroaches
  6 goblins
  6 hobgoblins
  2 jackals (D:1)
  4 kobolds
  4 bats (D:1)
  3 frilled lizards (D:1)
  2 rats (D:1)
32 creatures vanquished.

Notes
Turn   | Place    | Note
-------+----------+-------------------------------------------
     0 | D:1      | HawFromDerth the Spriggan Assassin began the quest for the
                  | Orb.
     0 | D:1      | Reached XP level 1. HP: 10/10 MP: 2/2
    12 | D:1      | Reached skill level 6 in Stealth
    58 | D:1      | Reached XP level 2. HP: 14/14 MP: 3/3
   672 | D:1      | Reached skill level 7 in Stealth
   905 | D:1      | Reached XP level 3. HP: 18/18 MP: 4/4
  1207 | D:2      | Shot with a sling bullet by a goblin

Illustrated notes

Levels and vault maps discovered:
D:1:      minmay_arrival_diagonal_passages, layout_loops_ring,
          hangedman_decor_riveting, item_on_display_b
D:2:      layout_rooms

Skill      XL: |  1  2  3 |
---------------+----------+-----
Stealth        | 6 7 |  7.4
Dodging        | 2 |  2.0
Fighting       | |  1.6
Short Blades   | |  2.4
Throwing       | |  2.1

Action                   || total
-------------------------++-------
Melee: Dagger            ||    88
Throw: Dart              ||    18
  Use: Scroll            ||     4
 Stab: Sleeping          ||    10
Armor: Robe              ||    21
Dodge: Dodged            ||   102
